Map: Submarine LE

Players

INnoVation - Winner!

  • Race: Terran Terran
  • Spawn Location: 11:00

LiquidTLO (TLO)

  • Race: Zerg Zerg
  • Spawn Location: 5:00

Event: StayAtHomestory Cup #2

VOD

Have the link to the VOD?

Description

Time

  • Played on: June 11, 2020, 9:06 a.m.
  • Length: 8:04

All games in this series

Show
View Real Time Build Order
Export as new Build Order

INnoVation Terran - Winner!

Build Orders:  

Get SALT Encoding   

  12  0:00  SCV  
  13  0:13  SCV  
  14  0:18  Supply Depot  
  14  0:25  SCV  
  15  0:39  Barracks  
  15  0:50  Barracks  
  15  0:54  SCV  
  16  1:00  Refinery  
  16  1:07  SCV  
  17  1:19  SCV  
  18  1:26  Marine  
  18  1:31  Orbital Command  
  19  1:37  Supply Depot  
  19  1:38  Marine  
  20  1:44  Marine  
  20  1:46  Bunker  
  21  1:57  Marine  
  21  1:58  SCV  
  23  2:02  Marine  
  24  2:17  SCV, Marine  
  24  2:20  Marine  
  26  2:33  SCV, Factory  
  25  2:45  SCV  
  25  2:46  Command Center  
  26  2:56  Refinery  
  26  2:57  SCV  
  27  2:59  Supply Depot  
  27  3:10  SCV  
  28  3:16  Factory Reactor  
  28  3:19  Starport  
  28  3:22  SCV  
  29  3:34  SCV  
  30  3:46  SCV  
  31  3:53  Hellion x2  
  35  3:55  Armory  
  35  3:57  Medivac  
  35  3:58  SCV  
  35  3:59  Orbital Command  
  38  4:10  SCV  
  38  4:13  Barracks Tech Lab  
  38  4:14  Hellion x2, Orbital Command  
  43  4:22  SCV  
  44  4:29  Supply Depot  
  44  4:30  Liberator  
  47  4:35  Hellion  
  47  4:38  Hellion  
  51  4:44  SCV x2  
  53  4:51  Hellion x4  
  53  4:59  Supply Depot  
  57  5:00  SCV x2  
  55  5:12  SCV x2  
  55  5:13  Command Center  
  57  5:14  Starport Reactor  
  57  5:15  Stimpack  
  57  5:24  SCV  
  57  5:25  SCV, Marine  
  57  5:27  Barracks  
  60  5:32  Factory Tech Lab  
  60  5:36  SCV  
  60  5:37  SCV  
  60  5:41  Supply Depot  
  62  5:43  Engineering Bay  
  62  5:45  Engineering Bay  
  62  5:49  SCV x2  
  64  5:53  Siege Tank  
  64  5:56  Starport Reactor  
  67  6:01  SCV, Refinery  
  67  6:02  SCV, Refinery  
  69  6:06  Marine  
  69  6:08  Marine  
  72  6:14  SCV  
  72  6:15  SCV  
  70  6:26  Orbital Command  
  70  6:27  Marine x4  
  70  6:28  Marine  
  70  6:32  SCV x2  
  77  6:34  Siege Tank  
  80  6:43  Medivac  
  80  6:45  Marine x3  
  80  6:46  SCV  
  80  6:47  SCV, Supply Depot  
  87  6:48  Marine  
  87  6:49  Marine  
  87  6:50  Orbital Command  
  87  6:53  Medivac  
  91  6:59  SCV x2  
  93  7:08  Marine x5  
  93  7:12  Supply Depot  
  93  7:13  Supply Depot  
  93  7:15  Supply Depot  
  98  7:20  Siege Tank  
  101  7:33  SCV x3, Marine x5  
  101  7:36  Armory  
  109  7:37  Supply Depot  
  110  7:45  SCV x2  
Show
View Real Time Build Order
Export as new Build Order

LiquidTLO Zerg 

Build Orders: Hatch First 

Get SALT Encoding   

  12  0:01  Drone  
  13  0:12  Overlord  
  13  0:16  Drone  
  14  0:31  Drone x2  
  16  0:47  Hatchery  
  15  0:51  Drone  
  15  0:54  Drone  
  17  0:58  Drone  
  18  1:05  Extractor  
  17  1:14  Spawning Pool  
  17  1:17  Drone  
  17  1:19  Drone  
  18  1:28  Drone  
  19  1:42  Drone  
  20  1:49  Overlord  
  20  2:01  Zergling x2  
  20  2:02  Zergling x2, Queen  
  24  2:10  Zergling x2  
  24  2:12  Zergling x2  
  24  2:26  Zergling x2  
  23  2:30  Zergling x2  
  23  2:34  Zergling x2  
  21  2:42  Drone  
  21  2:46  Drone  
  21  2:50  Drone  
  23  3:06  Drone  
  23  3:07  Drone  
  23  3:08  Drone  
  23  3:10  Drone  
  27  3:13  Drone  
  27  3:16  Drone x2  
  27  3:19  Drone  
  31  3:25  Queen  
  33  3:30  Overlord  
  33  3:34  Drone  
  34  3:35  Drone  
  34  3:39  Metabolic Boost  
  35  3:51  Drone x4  
  39  3:55  Queen  
  39  3:59  Drone  
  39  4:00  Drone  
  43  4:09  Overlord  
  42  4:17  Hatchery  
  41  4:24  Baneling Nest  
  41  4:28  Spine Crawler, Drone  
  41  4:29  Zergling x2  
  41  4:30  Zergling x2  
  42  4:32  Drone  
  42  4:34  Drone  
  42  4:35  Drone  
  42  4:37  Drone  
  46  4:46  Zergling x2, Evolution Chamber  
  46  4:48  Zergling x2, Evolution Chamber  
  46  4:52  Zergling x4  
  48  4:58  Zergling x2  
  48  4:59  Evolution Chamber  
  49  5:09  Baneling x7  
  49  5:10  Drone  
  49  5:11  Drone  
  49  5:12  Overlord  
  49  5:13  Overlord  
  52  5:18  Spore Crawler  
  52  5:19  Overlord  
  51  5:24  Drone  
  52  5:31  Spore Crawler  
  52  5:32  Drone  
  52  5:33  Drone  
  52  5:34  Drone x2  
  55  5:37  Spore Crawler  
  55  5:40  Drone  
  55  5:42  Lair  
  55  5:44  Drone x2  
  55  5:45  Extractor  
  55  5:50  Drone  
  55  5:54  Drone x3  
  57  5:57  Drone  
  57  6:01  Drone x2  
  57  6:04  Drone  
  59  6:06  Drone, Extractor  
  59  6:12  Drone  
  59  6:15  Drone x2  
  59  6:18  Drone x2  
  64  6:19  Drone x2  
  64  6:22  Drone x2  
  68  6:27  Drone  
  68  6:28  Drone  
  68  6:30  Drone x2  
  68  6:31  Drone  
  73  6:35  Drone  
  74  6:44  Zergling x4  
  74  6:46  Extractor  
  74  6:47  Zergling x2  
  76  6:49  Hatchery  
  76  6:50  Overlord  
  75  6:56  Evolution Chamber  
  75  6:57  Baneling  
  75  6:58  Zergling x4  
  75  6:59  Drone  
  75  7:00  Drone  
  78  7:03  Overlord  
  78  7:04  Zergling x4  
  78  7:07  Zergling x2  
  78  7:08  Zergling x4  
  82  7:11  Zergling x4  
  82  7:15  Zergling x2, Baneling x3  
  85  7:18  Queen  
  88  7:26  Zergling x4  
  88  7:28  Overlord  
  88  7:31  Zergling x12  
  88  7:33  Baneling  
  88  7:34  Baneling  
  88  7:36  Baneling x2  
  94  7:38  Zergling x4  
  94  7:40  Zergling x2  
  96  7:45  Zergling x2  
Tags
 
Add a new tag
Caveats
  • Supply blocks, unpowered buildings, or Contaminate may cause inaccurate times.
  • Supply counts are checked every 10 seconds.